Map: Sequencer LE

Players

Harstem - Winner!

  • Race: Protoss Protoss
  • League: Master
  • Spawn Location: 7:00

SortOf

  • Race: Zerg Zerg
  • League: Master
  • Spawn Location: 1:00

Event: HomeStory Cup XV

VOD

Have the link to the VOD?

Description

Time

  • Played on: July 22, 2017, 11:40 a.m.
  • Length: 7:08

All games in this series

Show
View Real Time Build Order
Export as new Build Order

Harstem Protoss - Winner!

Build Orders: 1 Gate Expand, Oracle Opening 

Get SALT Encoding   

  12  0:01  Probe (Chrono Boost)  
  13  0:11  Probe (Chrono Boost)  
  14  0:18  Pylon  
  14  0:22  Probe (Chrono Boost)  
  15  0:36  Probe (Chrono Boost)  
  15  0:38  Gateway  
  16  0:47  Probe (Chrono Boost)  
  16  0:49  Assimilator  
  17  0:57  Probe (Chrono Boost)  
  18  1:08  Probe (Chrono Boost)  
  19  1:18  Probe (Chrono Boost)  
  20  1:25  Nexus  
  20  1:33  Cybernetics Core  
  20  1:36  Probe (Chrono Boost)  
  21  1:41  Assimilator  
  22  1:47  Probe (Chrono Boost)  
  22  1:52  Pylon  
  22  1:57  Probe (Chrono Boost)  
  23  2:10  Probe (Chrono Boost), Stargate  
  24  2:17  Adept  
  24  2:20  Probe (Chrono Boost)  
  27  2:24  Warp Gate  
  27  2:31  Probe (Chrono Boost)  
  28  2:39  Probe (Chrono Boost)  
  28  2:41  Probe (Chrono Boost)  
  30  2:49  Probe (Chrono Boost)  
  33  2:52  Probe (Chrono Boost)  
  33  2:53  Oracle (Chrono Boost)  
  37  2:58  Probe  
  37  3:02  Stalker (Chrono Boost)  
  37  3:03  Probe  
  39  3:09  Probe  
  40  3:16  Probe  
  40  3:18  Gateway  
  40  3:19  Probe  
  41  3:24  Pylon  
  42  3:28  Probe  
  42  3:29  Oracle (Chrono Boost)  
  46  3:41  Probe  
  46  3:42  Probe  
  46  3:45  Pylon  
  48  3:49  Gateway  
  48  3:51  Probe  
  48  3:54  Gateway  
  48  3:55  Probe  
  50  4:02  Probe  
  50  4:07  Probe  
  50  4:08  Twilight Council  
  52  4:11  Robotics Facility  
  52  4:13  Probe  
  53  4:19  Probe  
  54  4:25  Probe, Nexus  
  54  4:28  Assimilator  
  55  4:34  Pylon  
  55  4:37  Resonating Glaives (Chrono Boost)  
  57  4:48  Gateway  
  57  4:50  Gateway  
  57  4:52  Gateway x2  
  55  5:00  Warp Prism (Chrono Boost)  
  57  5:07  Adept x2  
  57  5:08  Probe  
  57  5:09  Adept  
  57  5:10  Pylon  
  64  5:15  Assimilator  
  64  5:18  Adept  
  64  5:20  Probe  
  67  5:24  Pylon  
  67  5:26  Pylon  
  68  5:30  Pylon  
  68  5:32  Mothership Core  
  69  5:48  Adept x4  
  77  5:51  Probe  
  77  5:52  Probe  
  77  5:53  Probe  
  67  6:08  Adept x6  
  77  6:27  Adept x2  
  77  6:28  Probe  
  77  6:32  Sentry, Adept x2  
  76  6:37  Probe  
  75  6:41  Sentry, Adept  
  76  6:51  Sentry, Adept  
  76  6:53  Probe  
Show
View Real Time Build Order
Export as new Build Order

SortOf Zerg 

Build Orders: Hatch First 

Get SALT Encoding   

  12  0:00  Drone  
  13  0:12  Overlord  
  13  0:17  Drone  
  14  0:31  Drone x2  
  17  0:35  Drone  
  17  0:53  Hatchery  
  17  0:56  Drone  
  17  0:59  Drone  
  18  1:10  Extractor  
  17  1:15  Spawning Pool  
  17  1:17  Drone  
  17  1:20  Drone  
  18  1:28  Drone  
  19  1:39  Overlord  
  19  1:51  Drone  
  20  2:01  Queen  
  20  2:02  Zergling x2  
  20  2:04  Queen  
  20  2:05  Zergling x2  
  26  2:11  Metabolic Boost  
  26  2:12  Drone  
  27  2:16  Drone  
  27  2:22  Drone  
  29  2:27  Drone  
  30  2:32  Drone  
  31  2:40  Hatchery  
  30  2:45  Drone  
  30  2:47  Overlord  
  31  2:56  Drone x2  
  33  2:58  Pneumatized Carapace  
  33  3:02  Drone  
  33  3:04  Drone  
  35  3:10  Drone  
  36  3:14  Drone x3  
  36  3:18  Overlord  
  39  3:22  Zergling x2  
  39  3:24  Drone x2  
  42  3:27  Queen  
  44  3:36  Spore Crawler  
  44  3:37  Spore Crawler, Drone x2  
  44  3:41  Drone  
  45  3:47  Drone x2  
  47  3:48  Drone  
  47  3:50  Drone  
  49  3:56  Drone x2  
  49  4:01  Drone  
  49  4:02  Drone  
  50  4:04  Queen  
  50  4:07  Overlord  
  52  4:13  Overlord  
  52  4:15  Baneling Nest  
  51  4:17  Evolution Chamber  
  51  4:20  Overlord  
  51  4:24  Spore Crawler, Drone  
  49  4:26  Drone x2  
  49  4:27  Drone x3  
  55  4:32  Zergling x6  
  55  4:37  Lair  
  58  4:38  Drone  
  58  4:39  Drone  
  58  4:41  Extractor  
  58  4:42  Extractor  
  58  4:43  Drone  
  59  4:50  Drone x2  
  61  4:53  Drone x2  
  61  4:56  Drone x2  
  62  5:06  Drone x6  
  67  5:09  Extractor  
  67  5:11  Overlord  
  67  5:12  Drone x2  
  67  5:13  Drone  
  69  5:16  Drone  
  69  5:17  Baneling x3  
  69  5:21  Zergling x6  
  73  5:29  Extractor, Overlord  
  73  5:30  Extractor  
  73  5:32  Overlord  
  71  5:36  Overlord  
  71  5:39  Hatchery  
  71  5:40  Drone x2, Hydralisk Den  
  71  5:41  Drone  
  71  5:42  Drone  
  72  5:44  Drone  
  72  5:46  Drone x2  
  74  5:50  Drone  
  74  5:51  Drone x3  
  74  5:53  Zergling x2  
  79  5:58  Zergling x4  
  77  6:04  Zergling x10  
  77  6:10  Drone x2  
  82  6:14  Drone x2  
  84  6:20  Baneling x3  
  84  6:21  Zergling x2  
  84  6:22  Zergling x4  
  84  6:23  Baneling x2  
  87  6:27  Zergling x8  
  87  6:28  Hydralisk  
  84  6:38  Hydralisk x3  
  78  6:42  Hydralisk  
Tags
 
Add a new tag
Caveats
  • Supply blocks, unpowered buildings, or Contaminate may cause inaccurate times.
  • Supply counts are checked every 10 seconds.